 Dungeon Sprint DCSS version 0.30.1-11-g7821555f0a (webtiles) character file.

Game seed: 11595321902912591862

2500 Groucho the Thaumaturge (level 9, -1/52 HPs)
             Began as a Deep Elf Earth Elementalist on Jan 7, 2024.
             Was a Believer of Sif Muna.
             Killed from afar by a rakshasa (32 damage)
             ... with a lance of force
             ... in the Dungeon (Sprint IX: "|||||||||||||||||||||||||||||").
             The game lasted 00:05:29 (1683 turns).

Groucho the Thaumaturge (DEEE)                      Turns: 1683, Time: 00:05:31

Health: -1/52      AC:  4    Str:  5    XL:     9   Next: 28%
Magic:  20/25      EV: 17    Int: 25    God:    Sif Muna [**....]
Gold:   0          SH:  0    Dex: 21    Spells: 21/29 levels left

rFire   . . .        l - +2 rapier (drain)
rCold   . . .        (no shield)
rNeg    . . .        a - +0 robe
rPois   .            (no helmet)
rElec   .            n - +0 cloak
rCorr   .            m - +0 pair of gloves
SInv    .            (no boots)
Will    .....        (no amulet)
Stlth   ++++         o - +3 ring of dexterity
HPRegen 0.28/turn    p - +3 ring of dexterity
MPRegen 0.19/turn

%: no teleportation
@: no status effects
A: no striking features
a: Renounce Religion, Channel Magic


You were in the Dungeon.
You worshipped Sif Muna.
Sif Muna was pleased with you.
You visited 1 branch

Inventory:

Hand Weapons
 e - a +1 dagger of venom
 k - a +4 quarterstaff of speed
 l - a +2 rapier of draining (weapon)
Armour
 a - a +0 robe (worn)
 m - a +0 pair of gloves (worn)
 n - a +0 cloak (worn)
Jewellery
 o - a +3 ring of dexterity (left hand)
 p - a +3 ring of dexterity (right hand)
Wands
 j - a wand of roots (8)
Scrolls
 g - 2 scrolls of blinking
 i - 2 scrolls of amnesia
Potions
 b - 5 potions of magic
 c - 5 potions of curing
 f - a potion of berserk rage


   Skills:
 + Level 4.6 Fighting
 + Level 5.6 Short Blades
 + Level 4.6 Armour
 + Level 7.3 Dodging
 + Level 8.1 Stealth
 + Level 10.8 Spellcasting
 + Level 8.6 Conjurations
 + Level 8.8 Transmutations
 + Level 9.4 Earth Magic
 + Level 6.1 Invocations
 + Level 3.1 Evocations


You had 21 spell levels left.
You knew the following spells:

 Your Spells              Type           Power      Damage    Failure   Level
a - Sandblast             Erth           100%       2d20      1%          1
b - Stone Arrow           Conj/Erth      100%       3d13      1%          3
c - Petrify               Tmut/Erth      56%        N/A       1%          4

Your spell library contained the following spells:

 Spells                   Type           Power      Damage    Failure   Level
 Passwall                 Tmut/Erth      46%        N/A       1%          2


Dungeon Overview and Level Annotations

Branches:
Dungeon (1/1)

Altars:
Cheibriados
Dithmenos
Elyvilon
Fedhas
Gozag
Hepliaklqana
Kikubaaqudgha
Makhleb
Nemelex Xobeh
Okawaru
Qazlal
Ru
Sif Muna
Trog
Uskayaw
Vehumet
Wu Jian
Xom
Yredelemnul
Zin
The Shining One
Jiyva
Lugonu


Message History

Press: ? - help, Shift-Dir - straight line, f - rakshasa
Aim: a rakshasa, wielding a +0 trident and wearing a +0 robe The roots erupt in riotous growth!
Roots grab the rakshasa.
The grasping roots constrict the rakshasa.
The rakshasa hits you from afar with a +0 trident!!
* * * LOW HITPOINT WARNING * * *
Unknown command.
Unknown command.
Unknown command.
The grasping roots constrict the rakshasa.
The roots release their grip on the rakshasa.
The rakshasa hits you from afar with a +0 trident.
* * * LOW HITPOINT WARNING * * *
Unknown command.
You feel much better.
The rakshasa hits you from afar with a +0 trident!
* * * LOW HITPOINT WARNING * * *
Unknown command.
Unknown command.
You feel much better.
The rakshasa hits you from afar with a +0 trident.
Unknown command.
Unknown command.
Aiming: Fastroot
Press: ? - help, Shift-Dir - straight line, f/p - rakshasa
Aim: a rakshasa, wielding a +0 trident and wearing a +0 robe (lightly wounded)
The roots erupt in riotous growth!
Roots grab the rakshasa.
The grasping roots constrict the rakshasa.
The rakshasa hits you from afar with a +0 trident.
Unknown command.
Unknown command.
You feel less invigorated.
The grasping roots constrict the rakshasa.
The roots release their grip on the rakshasa.
The rakshasa gestures at you. The lance of force hits you!!
Ouch! That really hurt!
You die... ▓▓▓▓▓▓▓▓▓▓▓▓▓▓▓▓▓▓▓▓▓▓▓▓▓ +..{{R)'@.....'..[...)..' ▓▓▓▓▓▓▓▓▓▓▓▓▓▓▓▓▓▓▓▓▓▓▓▓▓

You could see a rakshasa.

Vanquished Creatures
  A two-headed ogre (D)
  A centaur warrior (D)
  A manticore (D)
  A kobold demonologist (D)
  A troll (D)
  A basilisk (D)
  An orc warrior (D)
  An ogre (D)
  A centaur (D)
  A scorpion (D)
  A howler monkey (D)
  A hound (D)
  An adder (D)
  A giant cockroach (D)
  A hobgoblin (D)
  2 quokkas (D)
  A ball python (D)
  A frilled lizard (D)
19 creatures vanquished.

Notes
Turn   | Place    | Note
-------+----------+-------------------------------------------
     0 | D        | Groucho the Deep Elf Earth Elementalist began the quest for
                  | the Orb.
     0 | D        | Reached XP level 1. HP: 10/10 MP: 6/6
     7 | D        | Reached skill level 1 in Conjurations
    30 | D        | Banished a spatial maelstrom
   377 | D        | Noticed an ogre
   377 | D        | Noticed a scorpion
   377 | D        | Noticed a hound
   380 | D        | Killed a hound
   381 | D        | Reached skill level 5 in Spellcasting
   381 | D        | Reached XP level 2. HP: 14/15 MP: 5/10
   381 | D        | Reached XP level 3. HP: 18/19 MP: 5/11
   382 | D        | Killed a scorpion
   383 | D        | Reached skill level 6 in Spellcasting
   383 | D        | Reached skill level 5 in Earth Magic
   383 | D        | Reached XP level 4. HP: 22/24 MP: 3/14
   386 | D        | Killed an ogre
   387 | D        | Reached skill level 7 in Spellcasting
   387 | D        | Reached skill level 5 in Conjurations
   387 | D        | Reached XP level 5. HP: 27/28 MP: 0/17
   802 | D        | Found a snail-covered altar of Cheibriados.
   802 | D        | Found a shadowy altar of Dithmenos.
   802 | D        | Found a white marble altar of Elyvilon.
   802 | D        | Found a blossoming altar of Fedhas.
   802 | D        | Found an opulent altar of Gozag.
   803 | D        | Found a hazy altar of Hepliaklqana.
   804 | D        | Found a viscous altar of Jiyva.
   805 | D        | Found an ancient bone altar of Kikubaaqudgha.
   806 | D        | Found a corrupted altar of Lugonu.
   807 | D        | Found a burning altar of Makhleb.
   808 | D        | Found a sparkling altar of Nemelex Xobeh.
   809 | D        | Found an iron altar of Okawaru.
   810 | D        | Found a stormy altar of Qazlal.
   811 | D        | Found a sacrificial altar of Ru.
   812 | D        | Found a shimmering blue altar of Sif Muna.
   813 | D        | Found a bloodstained altar of Trog.
   814 | D        | Found a hide-covered altar of Uskayaw.
   815 | D        | Found a radiant altar of Vehumet.
   816 | D        | Found an ornate altar of the Wu Jian Council.
   817 | D        | Found a shimmering altar of Xom.
   818 | D        | Found a basalt altar of Yredelemnul.
   819 | D        | Found a glowing silver altar of Zin.
   820 | D        | Became a worshipper of Sif Muna the Loreminder
   821 | D        | Found a glowing golden altar of the Shining One.
   866 | D        | Learned a level 3 spell: Stone Arrow
   871 | D        | Learned a level 4 spell: Petrify
   875 | D        | Noticed an orc warrior
   875 | D        | Noticed a centaur
   875 | D        | Noticed a troll
   875 | D        | Noticed a kobold demonologist
   875 | D        | Noticed a two-headed ogre
   878 | D        | HP: 1/28 [two-headed ogre/+0 giant club (6)]
   887 | D        | Noticed an ice devil
   902 | D        | Killed a two-headed ogre
   903 | D        | Reached skill level 5 in Dodging
   903 | D        | Reached skill level 5 in Stealth
   903 | D        | Reached skill level 9 in Spellcasting
   903 | D        | Reached XP level 6. HP: 6/37 MP: 13/20
   903 | D        | Reached XP level 7. HP: 7/41 MP: 13/21
   911 | D        | Noticed an ice devil
   920 | D        | Noticed a neqoxec
  1060 | D        | Killed a kobold demonologist
  1060 | D        | Reached * piety under Sif Muna
  1061 | D        | Reached XP level 8. HP: 46/46 MP: 15/23
  1074 | D        | Killed a troll
  1077 | D        | Reached skill level 10 in Spellcasting
  1238 | D        | Reached ** piety under Sif Muna
  1239 | D        | Reached skill level 5 in Invocations
  1667 | D        | Noticed a rakshasa
  1667 | D        | Noticed a manticore
  1667 | D        | Noticed a centaur warrior
  1670 | D        | Killed a centaur warrior
  1671 | D        | Reached skill level 5 in Short Blades
  1671 | D        | Reached XP level 9. HP: 37/52 MP: 21/25
  1673 | D        | Killed a manticore
  1679 | D        | HP: 2/52 [rakshasa/+0 trident (5)]
  1683 | D        | Killed from afar by a rakshasa

Illustrated notes

Levels and vault maps discovered:
D:        linesprint [early_d, line_temple, items_1, d_10, items_2, lair_1,
          lair_end, items_3, orc_1, orc_end, items_4, d_15, swamp_1, shoals_1,
          snake_1, spider_1, d_20, vaults_1, items_5, swamp_end, shoals_end,
          snake_end, spider_end, vaults_end, d_27, items_6, zot_1, zot_end,
          crypt_end, forest_end, elf_end, slime_end, tomb_end, abyss_end,
          pan_hell_end]

Skill      XL: |  1  2  3  4  5  6  7  8  9 |
---------------+----------------------------+-----
Conjurations   | 3 4 5 7 8 |  8.6
Transmutations | 3 4 6 7 8 |  8.8
Spellcasting   | 5 6 7 9 10 | 10.8
Earth Magic    | 4 5 6 8 9 |  9.4
Fighting       | 3 4 |  4.6
Short Blades   | 3 4 5 |  5.6
Armour         | 3 4 |  4.6
Dodging        | 5 6 7 |  7.3
Stealth        | 5 6 7 8 |  8.1
Invocations    | 4 5 6 |  6.1
Evocations     | 2 3 |  3.1

Action                     |  1- 3 |  4- 6 |  7- 9 || total
---------------------------+-------+-------+-------++-------
  Melee: Rapier            |       |     2 |    14 ||    16
   Cast: Sandblast         |    11 |    11 |     3 ||    25
         Stone Arrow       |       |       |    19 ||    19
 Invoke: Channel Magic     |       |       |     1 ||     1
  Evoke: Wand              |       |       |     2 ||     2
    Use: Potion            |       |     3 |     2 ||     5
   Stab: Invisible         |       |     2 |       ||     2
         Sleeping          |       |       |     1 ||     1
 Armour: Robe              |     1 |     1 |     5 ||     7
  Dodge: Dodged            |     8 |     3 |    23 ||    34
